 Dungeon Crawl Stone Soup version 0.26-a0-1002-g7355149c4d (webtiles) character file.

Game seed: 362257181567837979

151949 marklar909 the Archer (level 17, -15/163 HPs)
             Began as a Troll Delver on Dec 6, 2020.
             Was a High Priest of Qazlal.
             Demolished by a bunyip (18 damage)
             ... on level 2 of the Lair of Beasts.
             The game lasted 00:56:49 (29869 turns).

marklar909 the Archer (Troll Delver)               Turns: 29869, Time: 00:56:50

Health: -15/163    AC: 22    Str: 24    XL:     17   Next: 1%
Magic:  23/23      EV: 16    Int: 10    God:    Qazlal [*****.]
Gold:   359        SH:  7    Dex: 19    Spells: 8/17 levels left

rFire    + . .     SeeInvis +   a - +8 longbow "Zephyr" {speed, Dex+3 SInv}
rCold    . . .     Faith    .   (shield currently unavailable)
rNeg     . . .     Spirit   .   A - +0 acid dragon scales
rPois    +         Reflect  .   R - +2 hat
rElec    .         Harm     .   M - +2 cloak
rCorr    +         Rampage  .   (gloves unavailable)
Will     ++...                  (boots unavailable)
Stlth    +.........             Q - amulet of magic regeneration
HPRegen  0.77/turn              i - ring of Jojen {rF+ WL+ Int+4 Slay+5}
MPRegen  0.43/turn              D - ring of poison resistance

@: about to teleport, protected from physical damage, repel missiles
A: large, unfitting armour, claws 3, thin metallic scales 1, regeneration 1,
shaggy fur 1, tough skin 3
a: Upheaval, Elemental Force, Disaster Area, Renounce Religion


You were on level 2 of the Lair of Beasts.
You worshipped Qazlal.
Qazlal was extremely pleased with you.
You visited 4 branches of the dungeon, and saw 24 of its levels.
You visited 1 bazaar.

You collected 2427 gold pieces.
You spent 2068 gold pieces at shops.

Inventory:

Hand Weapons
 a - the +8 longbow "Zephyr" (weapon) {speed, Dex+3 SInv}
   (You found it on level 7 of the Dungeon)

   Attacks with this weapon are significantly faster.
   It affects your dexterity (+3).
   It lets you see invisible.
Missiles
 J - 129 arrows (quivered)
Armour
 A - +0 acid dragon scales (worn)
 M - a +2 cloak (worn)
 R - a +2 hat (worn)
Jewellery
 i - the ring of Jojen (left claw) {rF+ WL+ Int+4 Slay+5}
   (You bought it in a shop in a bazaar)

   [ring of willpower]

   It affects your intelligence (+4).
   It affects your accuracy and damage with ranged weapons and melee attacks
   (+5).
   It protects you from fire.
   It affects your willpower, your defense against some magical effects.
 p - the ring "Rithece" {rC+ WL+}
   (You bought it in a shop in a bazaar)

   [ring of protection from cold]

   It protects you from cold.
   It affects your willpower, your defense against some magical effects.
 D - a ring of poison resistance (right claw)
 Q - an amulet of magic regeneration (around neck)
Wands
 f - a wand of digging (8)
 w - a wand of iceblast (9)
 L - a wand of paralysis (55)
 N - a wand of polymorph (17)
Scrolls
 b - 9 scrolls of fog
 c - 13 scrolls of magic mapping
 d - 4 scrolls of fear
 h - a scroll of amnesia
 k - 6 scrolls of identify
 n - 8 scrolls of remove curse
 o - 7 scrolls of immolation
 t - a scroll of enchant armour
 v - 2 scrolls of blinking
 x - 6 scrolls of teleportation
 H - a scroll of silence
 S - 2 scrolls of holy word
Potions
 e - 2 potions of lignification
 g - 7 potions of flight
 l - 16 potions of curing
 q - 8 potions of attraction
 r - 2 potions of invisibility
 s - a potion of magic
 z - 4 potions of might
 B - 2 potions of resistance
 C - 4 potions of heal wounds
 E - 3 potions of brilliance
 O - a potion of mutation
 P - 5 potions of haste
 T - 2 potions of ambrosia


   Skills:
 * Level 9.2 Fighting
 + Level 11.5 Bows
 - Level 4.9 Throwing
 * Level 7.2 Armour
 + Level 9.3 Dodging
 - Level 3.4 Stealth
 + Level 5.6 Shields
 + Level 11.0 Unarmed Combat
 + Level 0.7 Spellcasting
 + Level 4.7 Translocations
 * Level 1.9 Transmutations
 + Level 0.7 Earth Magic
 * Level 9.8 Invocations
 + Level 0.5 Evocations


You had 8 spell levels left.
You knew the following spells:

 Your Spells              Type           Power        Failure   Level
a - Blink                 Tloc           N/A          9%          2
b - Dragon Form           Tmut           #.........   100%        7

Your spell library contained the following spells:

 Spells                   Type           Power        Failure   Level
 Apportation              Tloc           #.....       6%          1
 Gell's Gravitas          Tloc           #.........   19%         3
 Sandblast                Erth           #.....       30%         1
 Passwall                 Tmut/Erth      #.......     36%         2
 Animate Skeleton         Necr           #.....       38%         1
 Corona                   Hex            #......      38%         1
 Foxfire                  Conj/Fire      #...         38%         1
 Magic Dart               Conj           #...         38%         1
 Summon Small Mammal      Summ           #...         38%         1
 Portal Projectile        Hex/Tloc       #.....       43%         3
 Call Imp                 Summ           #.......     54%         2
 Ensorcelled Hibernation  Hex/Ice        #.....       54%         2
 Slow                     Hex            #.......     54%         2
 Ignite Poison            Fire/Tmut/Pois #.......     69%         3
 Stone Arrow              Conj/Erth      #.....       73%         3
 Confusing Touch          Hex            #.......     77%         3
 Conjure Flame            Conj/Fire      #.......     77%         3
 Dazzling Flash           Conj/Hex       #.....       77%         3
 Inner Flame              Hex/Fire       #.......     77%         3
 Mephitic Cloud           Conj/Pois/Air  #.......     77%         3
 Tukima's Dance           Hex            #.......     77%         3
 Petrify                  Tmut/Erth      #.......     94%         4
 Leda's Liquefaction      Hex/Erth       #.........   98%         4
 Cause Fear               Hex            #.........   99%         4
 Sticky Flame             Conj/Fire      #.......     99%         4
 Fireball                 Conj/Fire      #.........   100%        5
 Lee's Rapid Deconstruct  Erth           #.........   100%        5
 Metabolic Englaciation   Hex/Ice        #.........   100%        5
 Yara's Violent Unravell  Hex/Tmut       #.........   100%        5
 Starburst                Conj/Fire      #.........   100%        6
 Ignition                 Fire           #.........   100%        8
 Dragon's Call            Summ           #.........   100%        9


Dungeon Overview and Level Annotations

Branches:
Dungeon (15/15)            Temple (0/1) D:5            Lair (6/6) D:9
  Swamp (1/4) Lair:2       Spider (0/4) Lair:4        Slime (0/5) Lair:5
    Orc (2/2) D:12            Elf (0/3) Orc:2        Vaults (0/5) D:14
 Depths (0/5) D:15

Altars:
Ashenzari
Cheibriados
Dithmenos
Elyvilon
Fedhas
Kikubaaqudgha
Makhleb
Nemelex Xobeh
Qazlal
Trog
Uskayaw
Zin
The Shining One
Jiyva

Shops:
D:5 !   D:7 =   D:9 (=**(   D:11 ::   D:13 ?   Orc:2 }*(?!

Portals:
Pandemonium: Orc:2

Annotations:
Lair:4 1 runed translucent door
Lair:5 1 runed translucent door


Innate Abilities, Weirdness & Mutations

You are too large for most types of armour.
You have claws for hands.
Your natural rate of healing is unusually fast.
You are covered in fur. (AC +1)
You have extremely tough skin. (AC +3)
You are partially covered in thin metallic scales. (AC +2)


Message History

The foxfire hits you. You resist.
Your resistance to physical damage fades away.
You feel protected from fire.
* * * LOW HITPOINT WARNING * * *
The foxfire hits you. You resist.
* * * LOW HITPOINT WARNING * * *
Unknown command.
Unknown command.
Unknown command.
As you read the scroll of teleportation, it crumbles to dust.
You feel strangely unstable.
Unknown command.
The bunyip claws you!!
* * * LOW HITPOINT WARNING * * *
The bunyip claws you!
* * * LOW HITPOINT WARNING * * *
Your resistance to fire fades away.
You feel protected from physical attacks.
The bunyip claws you!!
You die...

♣...♣♣§§§♣ #....
♣♣§.≈§§§§♣♣ #....
♣§§§≈≈§§≈≈♣ ##....
♣§.§≈≈§§..♣######.....
♣♣§D.♣♣♣D.♣♣...##.....
♣♣xy§♣♣♣..♣♣♣##........
♣>§§♣♣♣♣y§♣ ##.P#...†
♣♣♣♣♣..xv§♣ ####...<
♣♣..@♣♣♣♣ #.#.+#
♣..○§≈≈≈♣♣ ##...#
♣♣≈≈☼≈≈≈≈♣ ##.##
♣♣≈≈≈≈≈≈≈≈♣ ###..##
♣...≈≈≈≈≈≈♣♣# #....#.
♣♣..♣♣♣♣♣♣♣.# #......
#.........## #......
##..........# ##......
#...........###......<


You could see a bunyip, an eight-headed hydra, a will-o-the-wisp and a vampire
mosquito.

Vanquished Creatures
  Gastronok (Orc:1)
  An orc warlord (Orc:1)
  Nessos (D:12)
  Azrael (D:12)
  An ettin (Orc:2)
  Snorg (D:14)
  A vault guard (D:14)
  Harold (D:8)
  Erolcha (D:11)
  2 rakshasas (D:15)
  A catoblepas (Lair:4)
  4 boulder beetles
  9 hydras
  3 centaur warriors
  Erica (D:10)
  2 two-headed ogres (D:13)
  A death knight (D:14)
  A tengu warrior (D:15)
  Urug (D:11)
  A queen ant (Lair:3)
  6 orc high priests (Orc:2)
  Nergalle (D:12)
  4 skeletal warriors
  A sixfirhy (Orc:1)
  A glowing orange brain (D:15)
  4 unseen horrors
  2 torturous demonspawn (Orc:2)
  An orange crystal statue (D:14)
  2 infernal demonspawn (Orc:2)
  2 lindwurms
  5 orc knights
  A deep elf mage (D:14)
  A lindwurm (shapeshifter) (D:15)
  4 orc sorcerers (Orc:2)
  5 manticores
  10 ugly things
  2 oklob plants (Lair:3)
  2 cyclopes
  2 centaur zombies
  An elephant (Lair:3)
  4 black mambas
  2 rust devils (Orc:2)
  30 cane toads
  Maggie (D:6)
  14 komodo dragons
  An efreet (D:12)
  4 rime drakes
  2 freezing wraiths (D:14)
  A komodo dragon (shapeshifter) (D:14)
  2 kobold demonologists (D:15)
  A queen bee (Lair:3)
  5 tyrant leeches
  5 trolls
  5 jumping spiders (Lair:4)
  2 polar bears (Lair:2)
  41 blink frogs
  Prince Ribbit (D:6)
  5 slime creatures
  8 dream sheep
  A shadow (D:14)
  A centaur simulacrum (D:15)
  3 redbacks (Lair:4)
  7 wyverns
  A vampire (D:9)
  32 yaks
  4 wraiths
  Eustachio (D:6)
  12 basilisks
  A neqoxec (Orc:2)
  6 fire elementals (D:12)
  12 vampire mosquitoes
  A chaos spawn (Orc:2)
  A steam dragon (Lair:3)
  Edmund (D:6)
  21 soldier ants
  3 wargs
  5 swamp worms
  An acid dragon (D:11)
  21 water moccasins
  A hornet zombie (D:14)
  A black bear (shapeshifter) (D:15)
  A hell hound (D:12)
  4 sky beasts
  37 orc warriors
  2 black bears
  7 ice beasts
  14 ogres
  A tengu (shapeshifter) (D:15)
  11 wolves
  A boggart (shapeshifter) (D:15)
  3 phantoms
  2 centaurs
  3 big kobolds
  29 bullfrogs
  A gnoll sergeant (Orc:2)
  3 wyvern zombies
  9 scorpions
  37 killer bees
  18 wights
  4 howler monkeys
  2 electric eels
  7 hounds
  A jelly (D:6)
  29 orc priests
  A bullfrog zombie (D:11)
  A quasit (D:5)
  A bullfrog skeleton (D:8)
  A gnoll shaman (D:7)
  2 centaur skeletons
  Jessica (D:3)
  2 iguanas
  21 orc wizards
  10 hell rats (Lair:2)
  32 worker ants
  A killer bee zombie (D:7)
  8 gnolls
  12 adders
  3 river rats (Lair:2)
  A shadow imp (D:3)
  2 white imps
  An ufetubus (D:6)
  2 oozes
  2 adder skeletons
  A worm (D:2)
  A dart slug (D:2)
  5 leopard geckos
  87 orcs
  A ball python (D:3)
  8 bats
  3 giant cockroaches
  8 goblins
  16 hobgoblins
  6 jackals
  24 kobolds
  3 quokkas
  4 frilled lizards
  A giant cockroach zombie (D:6)
  A leopard gecko skeleton (D:4)
  A quokka zombie (D:9)
  17 rats
880 creatures vanquished.

Vanquished Creatures (collateral kills)
  Rupert (Lair:6)
1 creature vanquished.

Vanquished Creatures (others)
  An orc (Orc:1)
  8 foxfires
  48 fungi
  131 plants
  8 toadstools (Lair:4)
196 creatures vanquished.

Grand Total: 1077 creatures vanquished

Notes
Turn   | Place    | Note
-------+----------+-------------------------------------------
     0 | D:5      | marklar909 the Troll Delver began the quest for the Orb.
     0 | D:5      | Reached XP level 1. HP: 22/22 MP: 0/0
    27 | D:4      | Noticed a worker ant
    39 | D:4      | Killed a worker ant
    40 | D:4      | Reached XP level 2. HP: 8/29 MP: 1/1
   151 | D:4      | Reached XP level 3. HP: 35/36 MP: 2/2
   433 | D:3      | Reached XP level 4. HP: 44/44 MP: 3/3
   517 | D:3      | Found a stormy altar of Qazlal.
   531 | D:3      | Became a worshipper of Qazlal Stormbringer
   532 | D:3      | Noticed Jessica
   908 | D:1      | Reached skill level 1 in Throwing
  1685 | D:2      | Reached * piety under Qazlal
  1699 | D:2      | Reached XP level 5. HP: 37/52 MP: 4/4
  1807 | D:2      | Found a burning altar of Makhleb.
  1807 | D:2      | Noticed a cacodemon
  2007 | D:2      | Reached skill level 1 in Invocations
  2031 | D:2      | Found a shadowy altar of Dithmenos.
  2229 | D:3      | Killed Jessica
  2318 | D:3      | Reached XP level 6. HP: 56/59 MP: 5/5
  3196 | D:4      | Reached XP level 7. HP: 59/67 MP: 7/7
  3478 | D:5      | Reached ** piety under Qazlal
  3573 | D:5      | Found a staircase to the Ecumenical Temple.
  3865 | D:5      | Found a broken altar of Ashenzari.
  4032 | D:5      | Found Homag's Distillery.
  4038 | D:5      | Found an ancient bone altar of Kikubaaqudgha.
  4040 | D:5      | Bought a potion of heal wounds for 55 gold pieces
  4040 | D:5      | Bought a potion of degeneration for 11 gold pieces
  4081 | D:5      | Found a glowing golden altar of the Shining One.
  4104 | D:6      | Noticed Maggie
  4132 | D:6      | Killed Maggie
  4133 | D:6      | Reached skill level 5 in Unarmed Combat
  4133 | D:6      | Reached XP level 8. HP: 48/75 MP: 7/9
  4443 | D:6      | Noticed Eustachio
  4476 | D:6      | Killed Eustachio
  4477 | D:6      | Reached skill level 1 in Shields
  4592 | D:6      | Noticed Prince Ribbit
  4629 | D:6      | Killed Prince Ribbit
  5097 | D:6      | Noticed Edmund
  5136 | D:6      | Killed Edmund
  5215 | D:6      | Got a polished quarterstaff
  5355 | D:6      | Reached XP level 9. HP: 74/83 MP: 10/10
  5712 | D:6      | Found a hide-covered altar of Uskayaw.
  6073 | D:7      | Found a white marble altar of Elyvilon.
  6076 | D:7      | Found the +8 longbow "Zephyr" {speed, Dex+3 SInv}
  6804 | D:7      | Reached skill level 5 in Dodging
  6817 | D:7      | Reached skill level 1 in Bows
  6983 | D:7      | Found Rypol's Jewellery Emporium.
  7182 | D:7      | Found a glowing silver altar of Zin.
  7182 | D:7      | Found a sparkling altar of Nemelex Xobeh.
  7183 | D:7      | Found a burning altar of Makhleb.
  7358 | D:8      | Noticed Harold
  7362 | D:7      | Reached *** piety under Qazlal
  8094 | D:7      | Reached XP level 10. HP: 21/92 MP: 12/12
  8701 | D:8      | Found a snail-covered altar of Cheibriados.
  8768 | D:8      | HP: 1/92 [Harold/+0 halberd (14)]
  9275 | D:8      | Killed Harold
  9283 | D:8      | Reached skill level 5 in Invocations
  9495 | D:8      | Found a broken altar of Ashenzari.
  9848 | D:9      | Found Nahy's General Store.
  9949 | D:9      | Bought 2 potions of curing for 72 gold pieces
  9992 | D:9      | Found a bloodstained altar of Trog.
 10025 | D:9      | Found Qonurgh's Jewellery Boutique.
 10068 | D:9      | Found Qacycir's Weapon Boutique.
 10344 | D:9      | Found Umnoenij's Weapon Shop.
 10363 | D:9      | Found Poesyixa's General Store.
 10375 | D:9      | Found a staircase to the Lair.
 10391 | D:9      | HP: 3/93 [komodo dragon (19)]
 10393 | D:9      | Reached skill level 5 in Bows
 10663 | D:10     | Entered Level 10 of the Dungeon
 10711 | D:10     | Reached skill level 1 in Armour
 10804 | D:10     | Reached XP level 11. HP: 100/101 MP: 14/14
 10837 | D:10     | Reached **** piety under Qazlal
 11174 | D:11     | Noticed Erica
 11183 | D:11     | Noticed Erolcha
 11197 | D:10     | Killed Erica
 11253 | D:11     | Noticed a cyan ugly thing
 11271 | D:11     | Killed a cyan ugly thing
 11422 | D:11     | Noticed Urug
 11463 | D:11     | Killed Urug
 11464 | D:11     | Reached skill level 5 in Fighting
 11697 | D:11     | Found Othuikuon's Book Shoppe.
 11773 | D:11     | Paralysed by Erolcha for 3 turns
 11783 | D:11     | Killed Erolcha
 11984 | D:11     | Found Riasel's Book Emporium.
 12241 | D:12     | Noticed Azrael
 12373 | D:12     | Noticed a boulder beetle
 12391 | D:12     | Killed a boulder beetle
 12560 | D:12     | Reached XP level 12. HP: 111/111 MP: 15/15
 12592 | D:12     | Noticed Nessos
 12609 | D:12     | Killed Nessos
 12844 | D:12     | Killed Azrael
 13218 | D:12     | Found a blossoming altar of Fedhas.
 13622 | D:12     | Found a staircase to the Orcish Mines.
 13775 | Lair:1   | Entered Level 1 of the Lair of Beasts
 13985 | Lair:1   | Noticed a seven-headed hydra
 13990 | Lair:1   | Killed a seven-headed hydra
 14081 | Lair:1   | Reached ***** piety under Qazlal
 14590 | Lair:2   | Noticed a four-headed hydra
 14597 | Lair:2   | Killed a four-headed hydra
 14598 | Lair:2   | Noticed a boulder beetle
 14631 | Lair:2   | Killed a boulder beetle
 14695 | Lair:2   | Noticed a six-headed hydra
 14698 | Lair:2   | Killed a six-headed hydra
 14745 | Lair:2   | Reached XP level 13. HP: 64/122 MP: 17/17
 15614 | Lair:2   | Found a staircase to the Swamp.
 16371 | Lair:2   | Reached skill level 10 in Bows
 17183 | Lair:3   | Reached ****** piety under Qazlal
 18021 | Lair:3   | Learned a level 2 spell: Blink
 18731 | Lair:4   | Reached skill level 1 in Translocations
 18794 | Lair:4   | Reached XP level 14. HP: 133/133 MP: 18/18
 19342 | Lair:4   | Found a runed translucent door.
 19422 | Lair:4   | Found a hole to the Spider Nest.
 19939 | Lair:4   | Reached skill level 5 in Armour
 20192 | Lair:5   | Found a runed translucent door.
 20192 | Lair:5   | Found a viscous altar of Jiyva.
 21049 | Lair:5   | Found a staircase to the Slime Pits.
 21098 | Lair:6   | Entered Level 6 of the Lair of Beasts
 21278 | Lair:6   | Noticed Rupert
 22730 | Lair:6   | Killed Rupert
 22835 | Lair:6   | Reached XP level 15. HP: 143/143 MP: 20/20
 23608 | D:9      | Reached skill level 5 in Shields
 23608 | D:9      | Reached XP level 16. HP: 152/152 MP: 21/21
 23733 | Orc:1    | Entered Level 1 of the Orcish Mines
 23737 | Orc:1    | Noticed Nergalle
 23771 | D:12     | Killed Nergalle
 24260 | Orc:1    | Noticed Gastronok
 24271 | Orc:1    | Killed Gastronok
 24753 | D:9      | Bought 17 arrows for 44 gold pieces
 24753 | D:9      | Bought a potion of curing for 39 gold pieces
 24893 | Orc:2    | Entered Level 2 of the Orcish Mines
 25462 | Orc:2    | Found a staircase to the Elven Halls.
 25467 | Orc:2    | Found Buole's Distillery.
 25478 | Orc:2    | Bought a potion of heal wounds for 55 gold pieces
 25478 | Orc:2    | Bought a potion of heal wounds for 55 gold pieces
 25478 | Orc:2    | Bought a potion of haste for 110 gold pieces
 25478 | Orc:2    | Bought a potion of haste for 110 gold pieces
 25572 | Orc:2    | Found Veotweill's Magic Scroll Shoppe.
 25574 | Orc:2    | Found Gyehaga's General Store.
 25678 | Orc:2    | Gained mutation: You are frail. (-10% HP) [a neqoxec]
 25794 | Orc:2    | Bought a scroll of teleportation for 42 gold pieces
 26276 | Orc:2    | Reached skill level 10 in Unarmed Combat
 26438 | Orc:2    | Found Cuok's Gadget Boutique.
 26438 | Orc:2    | Found Cyuz's Antique Weapon Shop.
 26438 | Orc:2    | Found a one-way gate leading to the halls of Pandemonium.
 26452 | Orc:2    | Lost mutation: You are frail. (-10% HP) [potion of
                  | mutation]
 26452 | Orc:2    | Gained mutation: You are frail. (-10% HP) [potion of
                  | mutation]
 26452 | Orc:2    | Gained mutation: You tend to lose your temper in combat.
                  | [potion of mutation]
 26452 | Orc:2    | Gained mutation: You can translocate small distances at
                  | will. [potion of mutation]
 26455 | Orc:2    | Lost mutation: You can translocate small distances at will.
                  | [potion of mutation]
 26455 | Orc:2    | Lost mutation: You are frail. (-10% HP) [potion of
                  | mutation]
 26455 | Orc:2    | Lost mutation: You tend to lose your temper in combat.
                  | [potion of mutation]
 26455 | Orc:2    | Gained mutation: You are partially covered in thin metallic
                  | scales. (AC +2) [potion of mutation]
 27474 | D:13     | Found Qimog's Magic Scroll Shop.
 27954 | D:13     | Learned a level 7 spell: Dragon Form
 27989 | D:14     | Found a gateway to a bazaar.
 28007 | D:14     | Noticed Snorg
 28020 | Bazaar   | Entered a bazaar
 28020 | Bazaar   | Found Suithuf's General Store.
 28044 | Bazaar   | Bought a potion of curing for 36 gold pieces
 28044 | Bazaar   | Bought a scroll of identify for 24 gold pieces
 28047 | Bazaar   | Found Cenat's Antique Armour Shoppe.
 28055 | Bazaar   | Found Xer Ymoth's Distillery.
 28066 | Bazaar   | Found Suzipnex's Jewellery Boutique.
 28074 | Bazaar   | Bought the ring of Jojen {rF+ WL+ Int+4 Slay+5} for 615
                  | gold pieces
 28074 | Bazaar   | Bought the ring "Rithece" {rC+ WL+} for 338 gold pieces
 28079 | Bazaar   | Found Nijead's Antique Weapon Emporium.
 28134 | Bazaar   | Bought a potion of curing for 39 gold pieces
 28134 | Bazaar   | Bought 2 potions of might for 104 gold pieces
 28134 | Bazaar   | Bought a potion of lignification for 39 gold pieces
 28174 | D:14     | Killed Snorg
 28189 | D:14     | Reached skill level 1 in Transmutations
 28389 | D:14     | Found a white marble altar of Elyvilon.
 28445 | D:14     | Identified the +8 flail of the Wraith {protect, Dex+3}
 28563 | D:14     | Found a gate to the Vaults.
 28787 | D:15     | Entered Level 15 of the Dungeon
 29023 | D:15     | Reached XP level 17. HP: 107/163 MP: 23/23
 29235 | D:15     | Found a staircase to the Depths.
 29690 | D:7      | Bought an uncursed ring of poison resistance for 280 gold
                  | pieces
 29835 | Swamp:1  | Entered Level 1 of the Swamp
 29869 | Lair:2   | HP: 3/163 [bunyip (16)]
 29869 | Lair:2   | Demolished by a bunyip

Illustrated notes

Levels and vault maps discovered:
D:1:      dpeg_arrival_ratfight, layout_loops_corners
D:2:      cheibrodos_old_hovel, layout_loops_ring, general_overflow_altar,
          kennysheep_path_1, makhleb_altar_promises_db
D:3:      layout_loops_ring, lemuel_crystal_altar, uniq_jessica
D:4:      layout_basic, st_stairs_5
D:5:      layout_basic, tso_oasis_becter, nicolae_ashenzari_panopticon,
          minmay_temple_entry_glassed_door, serial_shops, shop_statue,
          basic_altar
D:6:      minmay_evil_eye, layout_basic, kennysheep_little_box,
          uniq_prince_ribbit1, uniq_eustachio, uniq_edmund, uniq_maggie
D:7:      layout_basic, lemuel_crystal_altar, gammafunk_temple_overflow_claw,
          serial_shops, shop
D:8:      layout_cave_pools, nicolae_overflow_crystal_walls, basic_altar,
          minmay_puff, uniq_harold
D:9:      layout_rooms, bloody_trog, david_lair_shrubbed, serial_shops,
          nicolae_shop_window_shopping, nicolae_shop_trees, shop,
          nicolae_shop_waterfront, shop_fountains
D:10:     layout_big_octagon, hangedman_decor_diamond_cutter
D:11:     layout_cave_pools, serial_shops, shop, nicolae_shop_waterfront,
          kennysheep_cross_bottleneck, skrybe_limestone_x, uniq_erolcha,
          uniq_erica, uniq_urug
D:12:     layout_loops_ring, erik_orc_2, lemuel_tele_altar, uniq_nessos,
          uniq_azrael
D:13:     layout_gridville, serial_shops, shop
D:14:     layout_cave_pools, david_vaults_5, serial_shops, statue_bzr,
          basic_altar, uniq_snorg
D:15:     gammafunk_enter_depths_forms, layout_rooms, minmay_misc_feat_hallway,
          amethyst_killhole
Lair:1:   layout_roguey, ldierk_geyser
Lair:2:   layout_roguey, palyth_hydra_swamp_entry, kennysheep_abandoned_house
Lair:3:   regret_index_harrowing_hell_hive, layout_loops_ring, minivault_29
Lair:4:   gammafunk_lair_enchanted_lake, layout_cave_pods,
          nicolae_spider_entry_tight_spaces
Lair:5:   layout_regular_city, slime_altar_2
Lair:6:   minmay_lair_end_frog_pond, layout_loops_ring, lemuel_fruit_tree,
          uniq_rupert
Swamp:1:  layout_falls_marsh, nicolae_swamp_very_dense_foliage,
          infiniplex_staircase_pool
Orc:1:    layout_caves, uniq_gastronok, uniq_nergalle
Orc:2:    pf_orc_diabolical, layout_caves, serial_shops, shop

Skill      XL: |  1  2  3  4  5  6  7  8  9 10 11 12 13 14 15 16 |
---------------+-------------------------------------------------+-----
Stealth        | 3 |  3.4
Throwing       | 1 2 3 4 |  4.9
Dodging        | 2 3 4 5 6 7 8 9 |  9.3
Invocations    | 1 2 3 4 5 6 7 8 9 |  9.8
Unarmed Combat | 3 4 5 6 7 8 9 11 | 11.0
Fighting       | 3 4 5 6 7 8 9 |  9.2
Shields        | 2 3 4 5 |  5.6
Bows           | 3 5 7 9 10 11 | 11.5
Armour         | 1 2 3 4 5 7 |  7.2
Translocations | 1 3 4 |  4.7
Transmutations | 1 |  1.9
Spellcasting   | |  0.7
Earth Magic    | |  0.7
Evocations     | |  0.5

Action                   |  1- 3 |  4- 6 |  7- 9 | 10-12 | 13-15 | 16-18 || total
-------------------------+-------+-------+-------+-------+-------+-------++-------
Melee: Unarmed           |    22 |   213 |   226 |   199 |   618 |   520 ||  1798
       Punch             |       |     5 |     2 |     9 |    29 |    34 ||    79
 Fire: Longbow           |       |       |    84 |   540 |   424 |   362 ||  1410
Throw: Boomerang         |     8 |    16 |    18 |       |       |       ||    42
       Dart              |       |    59 |    75 |       |       |       ||   134
Invok: Upheaval          |       |       |     3 |     7 |     1 |    20 ||    31
       Elemental Force   |       |       |       |       |     1 |       ||     1
 Abil: Blink             |       |       |       |       |       |     1 ||     1
  Use: Potion            |     1 |       |     4 |     3 |     1 |     3 ||    12
       Scroll            |       |     5 |     1 |    16 |    14 |     3 ||    39
 Stab: Sleeping          |       |     6 |       |       |       |       ||     6
Armor: Robe              |     7 |    55 |    82 |    18 |       |       ||   162
       Skin              |       |       |     9 |       |       |       ||     9
       Acid dragon scale |       |       |       |    75 |   313 |   202 ||   590
Dodge: Dodged            |     8 |    96 |   199 |   202 |   552 |   305 ||  1362
       Repelled          |       |       |       |     1 |     4 |     2 ||     7
Block: Other             |       |     6 |    28 |    79 |   368 |   184 ||   665

Table legend: (Time is in decaauts)
 A = Elapsed time spent in this place.
 B = Non-inter-level travel time spent in this place.
 C = Inter-level travel time spent in this place.
 D = Time resting spent in this place.
 E = Time spent auto-exploring this place.
 F = Levels seen in this place.
 G = Mean time per level.
                   A        B        C        D        E       F      G
               +--------+--------+--------+--------+--------+-----+--------+
         Total |  29463 |  26892 |   2571 |   5119 |  16000 |  25 | 1178.5 |
       Dungeon |  17482 |  15682 |   1800 |   2776 |   9634 |  15 | 1165.5 |
          Lair |   9697 |   9071 |    626 |   2031 |   5259 |   6 | 1616.2 |
         Swamp |     10 |     10 |      0 |      0 |      0 |   1 |   10.0 |
  Orcish Mines |   2129 |   1985 |    144 |    312 |   1055 |   2 | 1064.5 |
        Bazaar |    142 |    142 |      0 |      0 |     52 |   1 |  142.0 |
               +--------+--------+--------+--------+--------+-----+--------+

Top non-repeatable levels by time:
  Lair:2: 2514 daAuts
    D:12: 2283 daAuts
     D:6: 2162 daAuts
     D:7: 2040 daAuts
  Lair:5: 1963 daAuts
  Lair:4: 1790 daAuts
  Lair:3: 1548 daAuts
   Orc:2: 1332 daAuts
    D:13: 1150 daAuts
     D:9: 1128 daAuts
     D:3: 1120 daAuts
     D:8: 1042 daAuts
  Lair:6: 992 daAuts
     D:2: 975 daAuts
    D:11: 945 daAuts
